 Dungeon Crawl Stone Soup version 0.22-a0-353-g2d6336e718 (webtiles) character file.

201 Knicklaso the Ruffian (level 5, -2/46 HPs)
             Began as a Minotaur Transmuter on Apr 15, 2018.
             Slain by an orc
             ... wielding a +0 morningstar
              (6 damage)
             ... on level 3 of the Dungeon.
             The game lasted 00:06:41 (3166 turns).

Knicklaso the Ruffian (Minotaur Transmuter)         Turns: 3166, Time: 00:06:41

Health: -2/46      AC:  2    Str: 14    XL:     5   Next: 50%
Magic:  7/7        EV: 12    Int: 11    God:
Gold:   149        SH:  0    Dex: 11    Spells: 5/8 levels left

rFire    . . .     SeeInvis .   q - +1 short sword (elec)
rCold    . . .     Gourm    .   (no shield)
rNeg     . . .     Faith    .   b - +0 robe
rPois    .         Spirit   .   (helmet restricted)
rElec    .         Reflect  .   (no cloak)
rCorr    .         Harm     .   (no gloves)
MR       .....                  (no boots)
Stlth    +.........             (no amulet)
HPRegen  0.15/turn              (no ring)
MPRegen  0.10/turn              (no ring)

@: no status effects
A: retaliatory headbutt, horns 2
a: no special abilities


You were on level 3 of the Dungeon.
You were very hungry.

You visited 1 branch of the dungeon, and saw 4 of its levels.

You collected 149 gold pieces.

Inventory:

Hand Weapons
 q - a +1 short sword of electrocution (weapon)
Missiles
 a - 10 arrows
Armour
 b - a +0 robe (worn)
 i - a cursed -1 ring mail
Jewellery
 e - an uncursed ring of protection from fire {unknown}
 h - an uncursed amulet of harm {unknown}
Wands
 v - a wand of flame (25)
Scrolls
 f - 3 scrolls of remove curse {unknown}
 g - 2 scrolls of identify {unknown}
 m - 2 scrolls of teleportation {unknown}
 n - a scroll of immolation {unknown}
 o - a scroll of enchant armour {unknown}
 p - a scroll of fear {unknown}
 r - a scroll of magic mapping {unknown}
 u - a scroll of enchant weapon {unknown}
Potions
 c - 4 potions of lignification {unknown}
 j - 3 potions of heal wounds {unknown}
 k - 4 potions of mutation {unknown}
 l - a potion of brilliance {unknown}
 s - a potion of curing {unknown}
Comestibles
 d - 5 rations


   Skills:
 + Level 4.3 Fighting
 - Level 2.1 Dodging
 - Level 4.3 Unarmed Combat
 + Level 2.1 Spellcasting
 + Level 2.4 Transmutations


You had 5 spell levels left.
You knew the following spells:

 Your Spells              Type           Power        Failure   Level  Hunger
a - Beastly Appendage     Tmut           #.....       11%         1    ##.....
b - Sticks to Snakes      Tmut           #.......     16%         2    ###....


Dungeon Overview and Level Annotations

Branches:
Dungeon (4/15)
 Temple: D:4-7

Altars:


Innate Abilities, Weirdness & Mutations

You reflexively headbutt those who attack you in melee.
You have a pair of horns on your head.


Message History

The howler monkey is moderately wounded.
The orc priest looks braver for a moment.
The howler monkey misses you. The orc closely misses you.
The howler monkey hits you but does no damage.
The howler monkey hoots and howls with incredible vigour!
There is a stone staircase leading up here.
The orc closely misses you. The howler monkey hits you.
You climb upwards.
There is a stone staircase leading down here.
You hit the orc but do no damage. The howler monkey barely misses you.
The orc closely misses you.
You barely miss the orc. The howler monkey hits you.
The orc hits you with a morningstar.
* * * LOW HITPOINT WARNING * * *
You hit the orc. Your headbutt misses the orc.
The orc is lightly wounded.
The howler monkey hits you!
* * * LOW HITPOINT WARNING * * *
The orc hits you with a morningstar.
You die...

### #.# #.# #.#
#.############
###.............
######...#######.####
#..o..............###
##.##@................
#.....h....##..##...##
##........###..##...##
#.##.................
#.##.....#........###
#.................# #
#.##.###.#.#..#.#.# #
#.##...#.#.#..#.#.###
#.####..........#....


You could see a howler monkey and an orc.

Vanquished Creatures
  Ijyb (D:3)
  Jessica (D:3)
  A hound skeleton (D:3)
  6 adders (D:2)
  2 worms
  2 dart slugs
  2 leopard geckos (D:1)
  7 orcs
  A ball python (D:1)
  A giant cockroach (D:1)
  4 goblins
  3 hobgoblins
  9 jackals
  5 kobolds
  A quokka (D:2)
  10 bats
  6 frilled lizards
  3 rats
65 creatures vanquished.

Vanquished Creatures (others)
  4 toadstools (D:1)
4 creatures vanquished.

Grand Total: 69 creatures vanquished

Notes
Turn   | Place    | Note
-------+----------+-------------------------------------------
     0 | D:1      | Knicklaso the Minotaur Transmuter began the quest for the Orb.
     0 | D:1      | Reached XP level 1. HP: 16/16 MP: 1/1
   191 | D:1      | Reached XP level 2. HP: 23/24 MP: 3/3
   632 | D:1      | Reached XP level 3. HP: 10/30 MP: 4/4
  1208 | D:2      | Learned a level 2 spell: Sticks to Snakes
  1864 | D:2      | Reached XP level 4. HP: 34/38 MP: 5/5
  2503 | D:3      | Noticed Jessica
  2507 | D:3      | Killed Jessica
  2507 | D:3      | Reached XP level 5. HP: 40/46 MP: 6/6
  2618 | D:3      | Noticed Ijyb
  2625 | D:3      | Killed Ijyb
  3166 | D:3      | Slain by an orc

Vault maps used:
D:1:      ldierk_water_garden, minmay_tetromino_i2
D:2:      st_stairs_9, minivault_23
D:3:      grunt_ministairs_1, uniq_ijyb, uniq_jessica
D:4:      guppyfry_early_lair_pool

Skill      XL: |  1  2  3  4  5 |
---------------+----------------+-----
Fighting       | 2 3 4 |  4.3
Unarmed Combat | 4 |  4.3
Transmutations | 2 |  2.4
Spellcasting   | 2 |  2.1
Dodging        | |  2.1

Action                   |  1- 3 |  4- 6 || total
-------------------------+-------+-------++-------
Melee: Unarmed           |    76 |       ||    76
       Headbutt          |     8 |     7 ||    15
       Short sword       |     4 |    81 ||    85
 Cast: Sticks to Snakes  |     2 |       ||     2
  Eat: Chunk             |     3 |     3 ||     6
Armor: Robe              |    20 |    10 ||    30
Dodge: Dodged            |    66 |    53 ||   119

Table legend:
 A = Spawn XP
 B = Non-spawn XP
 C = Spawn XP percentage of total XP
 D = Spawn monster count
 E = Non-spawn monster count
 F = Spawn count percentage of total count
 G = Total turns spent on level
                    A         B        C        D         E        F      G
               +---------+---------+-------+---------+---------+-------+---------
         Total |       0 |     288 |   0.0 |       0 |      65 |   0.0 |  3166
               +---------+---------+-------+---------+---------+-------+---------
           D:1 |       0 |      46 |   0.0 |       0 |      26 |   0.0 |  1116
           D:2 |       0 |     111 |   0.0 |       0 |      21 |   0.0 |  1171
           D:3 |       0 |     125 |   0.0 |       0 |      16 |   0.0 |   867
           D:4 |       0 |       6 |   0.0 |       0 |       2 |   0.0 |    12
               +---------+---------+-------+---------+---------+-------+---------
